Map: King Sejong Station LE

Players

DayWay

  • Race: Zerg Zerg
  • League: Master

A.I. 10 (Very Easy) - Winner!

  • Race: Terran Terran

VOD

Have the link to the VOD?

Description

Time

  • Played on: June 26, 2016, 1:19 p.m.
  • Length: 5:26
Show
View Real Time Build Order
Export as new Build Order

DayWay Zerg 

Build Orders: Hatch First 

Get SALT Encoding   

  12  0:01  Drone  
  13  0:08  Drone  
  14  0:17  Overlord  
  14  0:21  Extractor  
  14  0:23  Drone  
  15  0:35  Drone x2  
  17  0:52  Hatchery  
  17  0:54  Drone  
  17  0:57  Extractor  
  17  1:00  Drone  
  17  1:09  Drone  
  18  1:16  Spawning Pool  
  17  1:22  Drone  
  18  1:28  Drone  
  19  1:38  Overlord  
  19  2:04  Queen x2  
  19  2:05  Zergling x6  
  19  2:06  Metabolic Boost  
  26  2:14  Drone  
  28  2:15  Drone  
  28  2:21  Drone  
  29  2:26  Drone  
  30  2:31  Drone  
  30  2:37  Drone  
  32  2:43  Drone  
  33  2:47  Drone  
  34  2:55  Overlord  
  34  2:57  Drone  
  35  3:00  Hatchery  
  35  3:03  Drone  
  35  3:08  Drone  
  35  3:12  Overlord  
  36  3:13  Queen, Drone  
  36  3:14  Drone x2  
  36  3:15  Drone  
  36  3:19  Drone x2  
  44  3:30  Drone  
  44  3:32  Drone x2  
  46  3:39  Overlord  
  46  3:42  Drone  
  46  3:43  Extractor  
  46  3:45  Roach Warren  
  46  3:46  Extractor, Drone  
  45  3:50  Drone x3  
  45  3:51  Overlord, Drone  
  45  3:53  Drone  
  45  3:55  Drone  
  51  4:01  Drone  
  52  4:05  Drone  
  53  4:15  Overlord  
  53  4:21  Drone x2  
  53  4:22  Drone  
  53  4:24  Roach x2, Drone x2  
  58  4:25  Roach x2  
  66  4:32  Roach x2  
  70  4:39  Drone x2  
  70  4:45  Drone x2  
  74  4:52  Drone x6  
  80  4:53  Overlord  
  80  4:56  Drone x2  
  82  5:02  Overlord  
  82  5:07  Extractor  
  82  5:08  Extractor, Evolution Chamber x2  
  82  5:13  Drone x3  
  83  5:21  Hatchery  
Show
View Real Time Build Order
Export as new Build Order

A.I. 10 (Very Easy) Terran - Winner!

Build Orders: Reaper Expand 

Get SALT Encoding   

  12  0:00  SCV  
  13  0:13  SCV  
  14  0:18  Supply Depot  
  14  0:42  Barracks  
  14  1:03  Command Center  
  14  1:29  Marine  
  14  1:31  Supply Depot, Orbital Command  
  15  1:38  Refinery  
  15  1:49  Refinery  
  15  1:57  SCV  
  16  2:09  SCV  
  18  2:15  SCV  
  18  2:17  Reaper  
  20  2:22  SCV  
  21  2:30  SCV  
  22  2:37  SCV  
  23  2:44  Refinery, SCV  
  24  2:51  SCV  
  25  2:58  SCV  
  25  3:00  Marine  
  27  3:05  SCV  
  28  3:12  SCV  
  28  3:19  Factory  
  28  3:20  SCV  
  26  3:41  Refinery  
  26  3:43  SCV  
  26  3:44  Marine  
  28  3:51  SCV  
  29  3:58  SCV  
  30  4:05  Supply Depot, SCV  
  30  4:08  Starport  
  31  4:12  SCV  
  32  4:20  SCV  
  33  4:27  SCV  
  33  4:28  Reaper  
  35  4:34  SCV  
  36  4:39  Supply Depot  
  36  4:41  SCV  
  37  4:46  Starport Tech Lab  
  37  4:48  SCV  
  38  4:55  SCV  
  39  5:03  SCV  
  42  5:10  SCV  
Tags
 
Add a new tag
Caveats
  • Supply blocks, unpowered buildings, or Contaminate may cause inaccurate times.
  • Supply counts are checked every 10 seconds.